TOP OF THE 1ST |
Topeka Tornados batting - Pitching for Cape Cod Clams : RHP Jorge Jiménez
|
Pitching: RHP Jorge Jiménez
|
|
Batting: RHB José Pinto
|
0-0: Called Strike 0-1: Ball 1-1: Foul Ball, location: 2F 1-2: Strikes out swinging
|
Batting: LHB Morgan Wright
|
0-0: Ground out U3 (Groundball, 3)
|
Batting: RHB Alberto Campos
|
0-0: Called Strike 0-1: Ball 1-1: Foul Ball, location: 2F 1-2: Strikes out swinging
|
Top of the 1st over - 0 run(s), 0 hit(s), 0 error(s), 0 left on base; Topeka 0 - Cape Cod 0 |
BOTTOM OF THE 1ST |
Cape Cod Clams batting - Pitching for Topeka Tornados : RHP Eric Hunt
|
Pitching: RHP Eric Hunt
|
|
Batting: SHB Edgardo Osorio
|
0-0: Ground out 4-3 (Groundball, 34)
|
Batting: RHB Yasuhiro Kobayashi
|
0-0: Ground out 6-3 (Groundball, 6M)
|
Batting: LHB José González
|
0-0: Ball 1-0: Fly out, F5 (Popup, 4S)
|
Bottom of the 1st over - 0 run(s), 0 hit(s), 0 error(s), 0 left on base; Topeka 0 - Cape Cod 0 |
TOP OF THE 2ND |
Topeka Tornados batting - Pitching for Cape Cod Clams : RHP Jorge Jiménez
|
Batting: LHB Ryan Drake
|
0-0: Called Strike 0-1: Foul Ball, location: 2F 0-2: Ball 1-2: Ball 2-2: Ground out 5-3 (Groundball, 56)
|
Batting: LHB Yoshiaki Ohayashi
|
0-0: Called Strike 0-1: Ball 1-1: Ball 2-1: Foul Ball, location: 2F 2-2: Strikes out swinging
|
Batting: RHB Bob Hall
|
0-0: Foul Ball, location: 2F 0-1: Ball 1-1: Foul Ball, location: 2F 1-2: Ball 2-2: Foul Ball, location: 2F 2-2: Strikes out swinging
|
Top of the 2nd over - 0 run(s), 0 hit(s), 0 error(s), 0 left on base; Topeka 0 - Cape Cod 0 |
BOTTOM OF THE 2ND |
Cape Cod Clams batting - Pitching for Topeka Tornados : RHP Eric Hunt
|
Batting: LHB José Rivas
|
0-0: Ground out 4-3 (Groundball, 4)
|
Batting: RHB Sam Wallace
|
0-0: Ball 1-0: Ground out 6-3 (Groundball, 6)
|
Batting: SHB Andrés Díaz
|
0-0: Ball 1-0: SINGLE (Line Drive, 6M)
|
Batting: RHB Héctor Jiménez
|
0-0: Swinging Strike 0-1: Ball Wild Pitch! Andrés Díaz to second 1-1: Ball 2-1: Ball 3-1: Foul Ball, location: 2F 3-2: Fly out, F8 (Flyball, 8RXD)
|
Bottom of the 2nd over - 0 run(s), 1 hit(s), 0 error(s), 1 left on base; Topeka 0 - Cape Cod 0 |
TOP OF THE 3RD |
Topeka Tornados batting - Pitching for Cape Cod Clams : RHP Jorge Jiménez
|
Batting: RHB Don Thomas
|
0-0: Swinging Strike 0-1: Ball 1-1: Ball 2-1: Foul Ball, location: 2F 2-2: Foul Ball, location: 2F 2-2: Strikes out swinging
|
Batting: RHB Gabriel Santana
|
0-0: Swinging Strike 0-1: Fly out, F7 (Line Drive, 7M)
|
Batting: LHB Rusty Clinton
|
0-0: Ball 1-0: Swinging Strike 1-1: Ball 2-1: Ball 3-1: Ground out 6-3 (Groundball, 6)
|
Top of the 3rd over - 0 run(s), 0 hit(s), 0 error(s), 0 left on base; Topeka 0 - Cape Cod 0 |
BOTTOM OF THE 3RD |
Cape Cod Clams batting - Pitching for Topeka Tornados : RHP Eric Hunt
|
Batting: RHB António Ramos
|
0-0: Foul Ball, location: 2F 0-1: Foul Ball, location: 2F 0-2: Ground out 6-3 (Groundball, 6M)
|
Batting: RHB Marcos Castillo
|
0-0: Fly out, F9 (Flyball, 89M)
|
Batting: SHB Edgardo Osorio
|
0-0: Foul Ball, location: 2F 0-1: Ball 1-1: Foul Ball, location: 2F 1-2: Ball 2-2: SINGLE (Popup, 8RS)
|
Batting: RHB Yasuhiro Kobayashi
|
0-0: Ball Edgardo Osorio steals 2nd base 1-0: Ball 2-0: Swinging Strike 2-1: Foul Ball, location: 2F 2-2: Foul Ball, location: 2F 2-2: Ball 3-2: Ground out 4-3 (Groundball, 4M)
|
Bottom of the 3rd over - 0 run(s), 1 hit(s), 0 error(s), 1 left on base; Topeka 0 - Cape Cod 0 |
TOP OF THE 4TH |
Topeka Tornados batting - Pitching for Cape Cod Clams : RHP Jorge Jiménez
|
Batting: RHB José Pinto
|
0-0: DOUBLE (Line Drive, 9LS)
|
Batting: LHB Morgan Wright
|
0-0: Ball 1-0: Ball Wild Pitch! José Pinto to third 2-0: Ball 3-0: Called Strike 3-1: Base on Balls
|
Batting: RHB Alberto Campos
|
0-0: Ball 1-0: Fly out, F9 (Flyball, 9LM) Runner from 3rd tags up, SCORES, no throw
|
Batting: LHB Ryan Drake
|
0-0: Fly out, F8 (Flyball, 78D)
|
Batting: LHB Yoshiaki Ohayashi
|
0-0: Called Strike 0-1: Foul Ball, location: 2F 0-2: Foul Ball, location: 2F 0-2: Strikes out swinging
|
Top of the 4th over - 1 run(s), 1 hit(s), 0 error(s), 1 left on base; Topeka 1 - Cape Cod 0 |
BOTTOM OF THE 4TH |
Cape Cod Clams batting - Pitching for Topeka Tornados : RHP Eric Hunt
|
Batting: LHB José González
|
0-0: Ball 1-0: SINGLE (Groundball, 56D)
|
Batting: LHB José Rivas
|
0-0: Fly out, F4 (Popup, 3D)
|
Batting: RHB Sam Wallace
|
0-0: Ball 1-0: Foul Ball, location: 2F 1-1: Ball 2-1: Ball 3-1: DOUBLE (Line Drive, 5) José González to third Runner from 3rd tries for Home, SAFE, throw made at trailing runner, OUT at third!
|
Batting: SHB Andrés Díaz
|
0-0: Called Strike 0-1: DOUBLE (Line Drive, 89D)
|
Batting: RHB Héctor Jiménez
|
0-0: Called Strike 0-1: Ball 1-1: Foul Ball, location: 2F 1-2: Ground out 6-3 (Groundball, 6S)
|
Bottom of the 4th over - 1 run(s), 3 hit(s), 0 error(s), 1 left on base; Topeka 1 - Cape Cod 1 |
TOP OF THE 5TH |
Topeka Tornados batting - Pitching for Cape Cod Clams : RHP Jorge Jiménez
|
Batting: RHB Bob Hall
|
0-0: Ball 1-0: Called Strike 1-1: Foul Ball, location: 2F 1-2: Ball 2-2: SINGLE (Groundball, 56D)
|
Batting: RHB Don Thomas
|
0-0: Ball 1-0: Ball 2-0: Foul Ball, location: 2F 2-1: Called Strike 2-2: Ball 3-2: Base on Balls Bob Hall to second
|
Batting: RHB Gabriel Santana
|
0-0: Ball 1-0: Foul Ball, location: 2F 1-1: Ball 2-1: Called Strike 2-2: Strikes out swinging
|
Batting: LHB Rusty Clinton
|
0-0: Ball 1-0: Ball 2-0: Ball 3-0: Fly out, F8 (Flyball, 8LM)
|
Batting: RHB José Pinto
|
0-0: SINGLE (Line Drive, 9S) Bob Hall to third Don Thomas to second
|
Batting: LHB Morgan Wright
|
0-0: Called Strike 0-1: Called Strike 0-2: Strikes out looking
|
Top of the 5th over - 0 run(s), 2 hit(s), 0 error(s), 3 left on base; Topeka 1 - Cape Cod 1 |
BOTTOM OF THE 5TH |
Cape Cod Clams batting - Pitching for Topeka Tornados : RHP Eric Hunt
|
Batting: RHB António Ramos
|
0-0: Called Strike 0-1: Ball 1-1: Ball 2-1: Ball 3-1: Ground out 5-3 (Groundball, 56)
|
Batting: RHB Marcos Castillo
|
0-0: Ground out 6-3 (Groundball, 6)
|
Batting: SHB Edgardo Osorio
|
0-0: Called Strike 0-1: Ground out 6-3 (Groundball, 6M)
|
Bottom of the 5th over - 0 run(s), 0 hit(s), 0 error(s), 0 left on base; Topeka 1 - Cape Cod 1 |
TOP OF THE 6TH |
Topeka Tornados batting - Pitching for Cape Cod Clams : RHP Jorge Jiménez
|
Batting: RHB Alberto Campos
|
0-0: Foul Ball, location: 2F 0-1: Called Strike 0-2: Ball 1-2: Strikes out swinging
|
Batting: LHB Ryan Drake
|
0-0: Ball 1-0: Ball 2-0: Fly out, F7 (Flyball, 7LM)
|
Batting: LHB Yoshiaki Ohayashi
|
0-0: Called Strike 0-1: Foul Ball, location: 2F 0-2: Strikes out swinging
|
Top of the 6th over - 0 run(s), 0 hit(s), 0 error(s), 0 left on base; Topeka 1 - Cape Cod 1 |
BOTTOM OF THE 6TH |
Cape Cod Clams batting - Pitching for Topeka Tornados : RHP Eric Hunt
|
Batting: RHB Yasuhiro Kobayashi
|
0-0: Ball 1-0: SINGLE (Line Drive, 4M)
|
Batting: LHB José González
|
0-0: Ball 1-0: Called Strike 1-1: Called Strike 1-2: Foul Ball, location: 2F 1-2: Foul Ball, location: 2F 1-2: Strikes out swinging
|
Batting: LHB José Rivas
|
0-0: Ball 1-0: Ball 2-0: Ball 3-0: Base on Balls Yasuhiro Kobayashi to second
|
Batting: RHB Sam Wallace
|
0-0: Called Strike 0-1: Foul Ball, location: 2F 0-2: Ball 1-2: Foul Ball, location: 2F 1-2: Fly out, F8 (Flyball, 8RD) Runner from 2nd tags up, SAFE at 3rd, no throw
|
Batting: SHB Andrés Díaz
|
0-0: Ground out 6-3 (Groundball, 6)
|
Bottom of the 6th over - 0 run(s), 1 hit(s), 0 error(s), 2 left on base; Topeka 1 - Cape Cod 1 |
TOP OF THE 7TH |
Topeka Tornados batting - Pitching for Cape Cod Clams : RHP Jorge Jiménez
|
Pitching: RHP Patrick Doyle
|
|
Batting: RHB Bob Hall
|
0-0: Ball 1-0: Ground out 6-3 (Groundball, 6)
|
Batting: RHB Don Thomas
|
0-0: Foul Ball, location: 2F 0-1: Foul Ball, location: 2F 0-2: Strikes out swinging
|
Batting: RHB Gabriel Santana
|
0-0: Ball 1-0: Ball 2-0: DOUBLE (Flyball, 89D)
|
Batting: LHB Rusty Clinton
|
0-0: Ball 1-0: Foul Ball, location: 2F 1-1: SINGLE (Line Drive, 9S) Gabriel Santana to third Runner from 3rd tries for Home, SAFE, no throw or cutoff
|
Batting: RHB José Pinto
|
0-0: Ball 1-0: Called Strike 1-1: Foul Ball, location: 2F 1-2: Foul Ball, location: 2F 1-2: Ground out 1-3 (Groundball, 13S)
|
Top of the 7th over - 1 run(s), 2 hit(s), 0 error(s), 1 left on base; Topeka 2 - Cape Cod 1 |
BOTTOM OF THE 7TH |
Cape Cod Clams batting - Pitching for Topeka Tornados : RHP Eric Hunt
|
Batting: RHB Héctor Jiménez
|
0-0: SINGLE (Flyball, 8RS)
|
Batting: RHB António Ramos
|
0-0: Ball Passed Ball! Héctor Jiménez to second 1-0: Fly out, F7 (Flyball, 7LM)
|
Batting: RHB Marcos Castillo
|
0-0: Swinging Strike 0-1: Ground out 1-3 (Groundball, 15)
|
Batting: SHB Edgardo Osorio
|
0-0: Called Strike 0-1: SINGLE (Groundball, 5D) Héctor Jiménez to third Runner from 3rd tries for Home, SAFE, no throw or cutoff
|
Batting: RHB Yasuhiro Kobayashi
|
0-0: Ball Edgardo Osorio steals 2nd base 1-0: Ball 2-0: Ball 3-0: Called Strike 3-1: Swinging Strike 3-2: Foul Ball, location: 2F 3-2: Ground out 4-3 (Groundball, 4)
|
Bottom of the 7th over - 1 run(s), 2 hit(s), 0 error(s), 1 left on base; Topeka 2 - Cape Cod 2 |
TOP OF THE 8TH |
Topeka Tornados batting - Pitching for Cape Cod Clams : RHP Patrick Doyle
|
Batting: LHB Morgan Wright
|
0-0: Ball 1-0: Ball 2-0: Ball 3-0: Called Strike 3-1: Ground out 1-3 (Groundball, 15)
|
Batting: RHB Alberto Campos
|
0-0: Swinging Strike 0-1: Ball 1-1: Called Strike 1-2: Ball 2-2: Strikes out looking
|
Batting: LHB Ryan Drake
|
0-0: Called Strike 0-1: SINGLE (Groundball, 34)
|
Batting: LHB Yoshiaki Ohayashi
|
0-0: Ball 1-0: Ball Throwing error on steal attempt, E2 Ryan Drake to third 2-0: Called Strike 2-1: Foul Ball, location: 2F 2-2: Strikes out looking
|
Top of the 8th over - 0 run(s), 1 hit(s), 1 error(s), 1 left on base; Topeka 2 - Cape Cod 2 |
BOTTOM OF THE 8TH |
Cape Cod Clams batting - Pitching for Topeka Tornados : RHP Eric Hunt
|
Batting: LHB José González
|
0-0: Foul Ball, location: 2F 0-1: Ball 1-1: Ball 2-1: Foul Ball, location: 2F 2-2: Ground out 4-3 (Groundball, 4M)
|
Batting: LHB José Rivas
|
0-0: Ball 1-0: Ball 2-0: Fly out, F9 (Flyball, 9LD)
|
Batting: RHB Sam Wallace
|
0-0: DOUBLE (Line Drive, 8RM)
|
Batting: SHB Andrés Díaz
|
0-0: Ball 1-0: Foul Ball, location: 2F 1-1: Foul Ball, location: 2F 1-2: Foul Ball, location: 2F 1-2: Strikes out looking
|
Bottom of the 8th over - 0 run(s), 1 hit(s), 0 error(s), 1 left on base; Topeka 2 - Cape Cod 2 |
TOP OF THE 9TH |
Topeka Tornados batting - Pitching for Cape Cod Clams : RHP Patrick Doyle
|
Pitching: RHP Juan Reyes
|
|
Batting: RHB Bob Hall
|
0-0: Called Strike 0-1: Swinging Strike 0-2: Ball 1-2: Ball 2-2: Foul Ball, location: 2F 2-2: Foul Ball, location: 2F 2-2: Ball 3-2: SINGLE (Flyball, 7S)
|
Batting: RHB Don Thomas
|
0-0: Sac Bunt - play at first, batter OUT! 1-4 Bob Hall to second
|
Pinch Hitting: LHB Tom Robinson
|
0-0: Intentional Walk
|
Pinch Hitting: LHB Pedro Cruz
|
0-0: Ball 1-0: Foul Ball, location: 2F 1-1: Ball 2-1: Ball 3-1: Base on Balls Bob Hall to third Tom Robinson to second
|
Batting: RHB José Pinto
|
0-0: Ball 1-0: Called Strike 1-1: Foul Ball, location: 2F 1-2: Ball 2-2: SINGLE (Line Drive, 34) Bob Hall scores Tom Robinson to third Pedro Cruz to second
|
Pitching: RHP Grant Jackson
|
|
Batting: LHB Morgan Wright
|
0-0: Ball 1-0: Fly out, F9 (Flyball, 9D) Runner from 3rd tags up, SCORES, no throw
|
Batting: RHB Alberto Campos
|
0-0: Ball 1-0: Reached on error, E6 (Groundball, 6) Pedro Cruz to third José Pinto to second
|
Batting: LHB Ryan Drake
|
0-0: Ball 1-0: Ball 2-0: Ball 3-0: Called Strike 3-1: Base on Balls Pedro Cruz scores José Pinto to third Alberto Campos to second
|
Batting: LHB Yoshiaki Ohayashi
|
0-0: Ball 1-0: Called Strike 1-1: Foul Ball, location: 2F 1-2: DOUBLE (Line Drive, 5L) José Pinto scores Alberto Campos scores Ryan Drake to third Runner from 3rd tries for Home, SAFE, no throw or cutoff
|
Batting: RHB Bob Hall
|
0-0: Ball 1-0: Hit by Pitch
|
Batting: RHB Don Thomas
|
0-0: SINGLE (Groundball, 56D) Yoshiaki Ohayashi to third Bob Hall to second Runner from 3rd tries for Home, SAFE, no throw or cutoff
|
Batting: LHB Tom Robinson
|
0-0: Swinging Strike 0-1: Ball 1-1: Ball 2-1: Foul Ball, location: 2F 2-2: DOUBLE (Line Drive, 78D) Bob Hall scores Don Thomas to third
|
Batting: LHB Pedro Cruz
|
0-0: Ball 1-0: Foul Ball, location: 2F 1-1: Ball 2-1: Ball 3-1: Base on Balls
|
Batting: RHB José Pinto
|
0-0: Ball 1-0: Called Strike 1-1: Foul Ball, location: 2F 1-2: Ball 2-2: Foul Ball, location: 2F 2-2: Ball 3-2: TRIPLE (Line Drive, 9LS) Don Thomas scores Tom Robinson scores Pedro Cruz scores
|
Pitching: RHP Alfredo Montero
|
|
Batting: LHB Morgan Wright
|
0-0: Ball 1-0: Swinging Strike 1-1: Foul Ball, location: 2F 1-2: Strikes out swinging
|
Top of the 9th over - 11 run(s), 6 hit(s), 1 error(s), 1 left on base; Topeka 13 - Cape Cod 2 |
BOTTOM OF THE 9TH |
Cape Cod Clams batting - Pitching for Topeka Tornados : RHP Eric Hunt
|
Now at 1B: Ramón Pérez
|
|
Now at 3B: Armando Méndez
|
|
Now in LF: Raúl Guerra
|
|
Now in CF: Joe Edwards
|
|
Batting: RHB Héctor Jiménez
|
0-0: Ball 1-0: Ball 2-0: Foul Ball, location: 2F 2-1: Fly out, F9 (Flyball, 89D)
|
Pitching: LHP Enrique Muñóz
|
|
Batting: RHB António Ramos
|
0-0: Called Strike 0-1: Ball 1-1: Swinging Strike 1-2: Strikes out looking
|
Batting: RHB Marcos Castillo
|
0-0: Called Strike 0-1: Foul Ball, location: 2F 0-2: SINGLE (Groundball, 34)
|
Batting: SHB Edgardo Osorio
|
0-0: Called Strike 0-1: Ball 1-1: Called Strike Error on foul ball, E5 1-2: SINGLE (Flyball, 9LS) Marcos Castillo to second Runner from 2nd tries for 3rd, SAFE, throw made to third
|
Batting: RHB Yasuhiro Kobayashi
|
0-0: Called Strike 0-1: Ground out 4-3 (Groundball, 4)
|
Bottom of the 9th over - 0 run(s), 2 hit(s), 1 error(s), 2 left on base; Topeka 13 - Cape Cod 2 |
|